Map: Catalyst LE

Players

JimRising

  • Race: Zerg Zerg
  • League: Grandmaster
  • Spawn Location: 11:00

Scarlett - Winner!

  • Race: Zerg Zerg
  • League: Master
  • Spawn Location: 5:00

VOD

Have the link to the VOD?

Description

Time

  • Played on: Feb. 2, 2018, 7:01 p.m.
  • Length: 11:52
Show
View Real Time Build Order
Export as new Build Order

JimRising Zerg 

Build Orders: Pool First, Zergling Baneling 

Get SALT Encoding   

  12  0:01  Drone  
  13  0:12  Overlord  
  13  0:18  Drone  
  14  0:30  Drone  
  14  0:31  Drone  
  14  0:34  Drone  
  17  0:36  Extractor  
  16  0:47  Spawning Pool  
  15  0:52  Drone  
  15  0:56  Drone  
  17  1:22  Hatchery  
  16  1:28  Drone  
  17  1:35  Metabolic Boost  
  17  1:43  Queen  
  17  1:46  Zergling x2  
  20  1:53  Overlord  
  20  2:01  Drone x2  
  22  2:20  Queen  
  22  2:22  Drone  
  25  2:27  Baneling Nest  
  24  2:34  Zergling x6  
  27  2:42  Zergling x2  
  28  2:47  Drone  
  29  2:52  Zergling x6  
  29  2:58  Zergling x4  
  34  3:08  Zergling x4  
  35  3:14  Overlord  
  35  3:18  Baneling  
  35  3:19  Baneling x3  
  35  3:21  Overlord  
  35  3:30  Baneling  
  36  3:34  Zergling x2  
  36  3:41  Zergling x6  
  36  3:42  Zergling x2  
  36  3:46  Zergling x4  
  39  3:56  Zergling x6  
  39  4:00  Zergling x2  
  40  4:03  Zergling x4  
  39  4:12  Zergling x6  
  39  4:13  Baneling x2  
  39  4:18  Zergling x2  
  40  4:27  Zergling x4  
  42  4:34  Baneling x2  
  41  4:39  Zergling x6  
  42  4:48  Drone x2  
  35  5:02  Drone x6  
  40  5:12  Drone  
  41  5:15  Roach Warren  
  40  5:21  Overlord  
  40  5:22  Drone x2  
  40  5:27  Zergling x4  
  42  5:39  Zergling x8  
  42  5:40  Zergling x2  
  45  5:46  Overlord  
  44  5:52  Evolution Chamber  
  44  5:54  Drone, Lair  
  44  5:55  Drone  
  45  5:57  Drone x2  
  45  6:00  Drone  
  48  6:06  Baneling  
  48  6:07  Baneling  
  48  6:11  Extractor  
  48  6:14  Drone x3  
  50  6:22  Zerg Missile Weapons Level 1  
  50  6:23  Drone x4  
  54  6:26  Extractor  
  54  6:29  Drone x3  
  56  6:39  Overlord x2  
  56  6:50  Overlord  
  56  6:55  Hatchery  
  56  6:56  Glial Reconstitution  
  56  6:57  Roach x2  
  59  7:02  Queen  
  59  7:04  Roach  
  63  7:11  Roach x3  
  69  7:22  Roach x4  
  77  7:26  Roach x2  
  81  7:35  Roach  
  81  7:36  Roach  
  83  7:41  Overlord  
  82  7:47  Queen  
  82  7:50  Roach  
  83  7:57  Roach x3  
  84  8:01  Drone  
  84  8:02  Drone x3  
  88  8:09  Drone x2  
  90  8:15  Roach  
  90  8:16  Roach x3  
  98  8:24  Overlord x2  
  97  8:34  Overlord  
  97  8:40  Overlord  
  97  8:53  Roach x5  
  97  8:54  Roach x5  
  117  9:00  Overlord  
  117  9:01  Drone x3  
  117  9:02  Drone x2  
  122  9:06  Roach x2  
  120  9:10  Roach  
  120  9:19  Roach x2  
  122  9:24  Overlord  
  122  9:27  Roach  
  122  9:28  Roach x2  
  122  9:31  Roach  
  130  9:33  Roach  
  130  9:34  Roach, Hatchery  
  133  9:40  Roach  
  133  9:41  Roach, Overlord  
  133  9:43  Ravager  
  138  9:46  Unknown  
  138  9:48  Roach  
  138  9:49  Roach x2  
  138  9:51  Unknown  
  146  10:00  Roach x4  
  146  10:01  Overlord x2  
  152  10:12  Roach  
  152  10:13  Roach  
  152  10:14  Overlord  
  152  10:17  Queen  
  152  10:19  Roach x4  
  152  10:20  Roach  
  158  10:28  Queen  
  146  10:41  Roach  
  146  10:42  Roach x5  
  145  10:55  Roach  
  145  10:56  Roach x5  
  155  10:58  Roach x2  
  155  11:00  Roach x3  
  165  11:06  Drone  
  165  11:07  Drone  
  165  11:08  Drone x2  
  169  11:11  Queen  
  169  11:12  Roach  
  173  11:21  Overlord  
Show
View Real Time Build Order
Export as new Build Order

Scarlett Zerg - Winner!

Build Orders: Hatch First 

Get SALT Encoding   

  12  0:01  Drone  
  13  0:13  Overlord  
  13  0:17  Drone  
  14  0:31  Drone  
  14  0:32  Drone  
  14  0:35  Drone  
  17  0:52  Hatchery  
  17  0:55  Drone  
  17  0:58  Drone  
  17  1:01  Extractor  
  17  1:13  Spawning Pool  
  17  1:16  Drone  
  17  1:20  Drone  
  18  1:29  Drone  
  19  1:39  Drone  
  20  1:49  Overlord  
  20  2:01  Queen, Metabolic Boost  
  20  2:04  Queen  
  20  2:06  Zergling x2  
  20  2:08  Zergling x2  
  27  2:15  Zergling x2  
  27  2:20  Drone  
  28  2:26  Drone x2  
  30  2:36  Queen  
  30  2:40  Overlord  
  30  2:44  Overlord  
  32  2:45  Zergling x2  
  32  2:47  Zergling x2  
  34  2:55  Zergling x2  
  35  3:10  Hatchery  
  35  3:11  Zergling x6  
  36  3:15  Zergling x4  
  38  3:20  Drone x2  
  40  3:32  Roach Warren  
  40  3:33  Zergling x4  
  41  3:44  Evolution Chamber  
  41  3:48  Zergling x6  
  32  3:59  Zergling x2  
  32  4:00  Zergling x8  
  33  4:06  Drone  
  33  4:07  Drone  
  28  4:19  Roach x2  
  28  4:23  Roach x4  
  45  4:31  Roach x2  
  45  4:36  Roach  
  44  4:49  Queen  
  44  4:51  Drone  
  44  4:52  Drone x2  
  48  4:58  Drone  
  47  5:02  Drone  
  47  5:05  Queen  
  50  5:11  Zerg Missile Weapons Level 1  
  50  5:26  Drone  
  50  5:27  Overlord  
  50  5:43  Drone  
  50  5:44  Overlord  
  50  5:47  Drone x3  
  50  5:48  Lair  
  50  5:49  Drone  
  55  5:54  Drone  
  56  5:59  Drone x3, Overlord  
  63  6:11  Roach x2  
  63  6:12  Evolution Chamber  
  63  6:14  Queen  
  63  6:15  Extractor x2  
  62  6:24  Drone x4  
  70  6:32  Roach  
  70  6:33  Roach x2, Drone x2  
  70  6:39  Overlord  
  74  6:45  Overlord  
  74  6:49  Glial Reconstitution  
  74  6:53  Drone  
  75  6:55  Overseer  
  75  6:58  Extractor  
  75  7:00  Drone  
  75  7:01  Drone x3  
  76  7:05  Drone  
  79  7:14  Zerg Missile Weapons Level 2  
  79  7:16  Drone  
  79  7:17  Drone x2  
  82  7:24  Hatchery  
  81  7:37  Drone x7  
  81  7:41  Zerg Ground Armor Level 1  
  88  7:54  Drone  
  88  7:55  Drone x2  
  88  7:56  Overlord x2  
  91  8:10  Overlord x2  
  91  8:17  Roach  
  91  8:18  Roach x5  
  103  8:21  Roach  
  102  8:30  Overseer  
  102  8:32  Roach x2  
  106  8:37  Roach  
  106  8:38  Roach x3  
  106  8:40  Roach  
  106  8:41  Roach x2  
  120  8:47  Roach  
  120  8:48  Roach x2  
  126  8:49  Ravager x2  
  126  8:50  Ravager  
  126  8:51  Ravager  
  130  9:05  Overlord x3  
  130  9:16  Drone x4  
  128  9:19  Overlord x2  
  128  9:24  Roach  
  130  9:25  Roach x6  
  130  9:29  Extractor  
  130  9:30  Drone  
  142  9:37  Overlord  
  142  9:38  Roach x2  
  146  9:48  Hatchery  
  145  9:57  Roach x8  
  161  10:13  Roach x6  
  161  10:14  Roach x2  
  172  10:23  Roach  
  172  10:24  Roach x2  
  176  10:32  Overlord x2  
  176  10:33  Overlord  
  162  10:46  Roach x8  
  160  10:57  Roach x3  
  160  11:01  Ravager x6  
  172  11:04  Roach x2  
  172  11:11  Roach x2  
  178  11:16  Roach  
  180  11:20  Roach x2  
Tags
 
Add a new tag
Caveats
  • Supply blocks, unpowered buildings, or Contaminate may cause inaccurate times.
  • Supply counts are checked every 10 seconds.